 Dungeon Crawl Stone Soup version 0.15-a0-1866-g491fd59 (webtiles) character file.

45771 Kenran the Bludgeoner (level 14, -2/134 (137) HPs)
             Began as a Minotaur Fighter on July 4, 2014.
             Was the Champion of Makhleb.
             Slain by Rupert
             ... wielding a +1 great mace of crushing
              (33 damage)
             ... on Level 7 of the Lair of Beasts.
             The game lasted 00:52:58 (14419 turns).

Kenran the Bludgeoner (Minotaur Fighter)           Turns: 14419, Time: 00:52:58

HP  -2/134 (137) AC 24     Str 22      XL: 14   Next:  2%
MP   5/5         EV  7     Int  5      God: Makhleb [******]
Gold 916         SH  0     Dex 14      Spells:  0 memorised, 13 levels left

rFire  . . .     SeeInvis .     J - +3 dire flail (freeze)
rCold  . . .     Clarity  .     E - +0 plate armour
rNeg   . . .     rCorr    .     (no shield)
rPois  .         rRot     .     u - +1 hat
rElec  .         Spirit   .     B - +0 cloak
SustAb .         Warding  .     O - +0 pair of gloves
rMut   .         Stasis   +     A - +2 pair of boots {+Jump}
Gourm  .                        s - amulet of stasis
MR     +....                    v - ring of regeneration
                                y - +1 ring of protection

@: somewhat resistant to hostile enchantments, extremely unstealthy
A: retaliatory headbutt, horns 2
a: Minor Destruction, Lesser Servant of Makhleb, Major Destruction, Greater
Servant of Makhleb, Renounce Religion, Evoke Jump Attack


You were on level 7 of the Lair of Beasts.
You worshipped Makhleb.
Makhleb was exalted by your worship.
You were not hungry.

You visited 3 branches of the dungeon, and saw 17 of its levels.

You collected 1042 gold pieces.
You spent 126 gold pieces at shops.

Inventory:

Hand weapons
 J - a +3 dire flail of freezing (weapon)
Armour
 u - a +1 hat (worn)
 A - a +2 pair of boots of jumping (worn)
 B - a +0 cloak (worn)
 E - a +0 plate armour (worn)
 O - a +0 pair of gloves (worn)
Magical devices
 c - a wand of teleportation (4) {unknown}
 l - a wand of fireball (4) {unknown}
 G - a wand of confusion (12) {unknown}
Comestibles
 d - 8 bread rations
 f - 9 meat rations
 q - 7 slices of pizza
 I - 4 rotting chunks of elephant flesh
 K - 12 royal jellies
Scrolls
 b - 3 scrolls of amnesia
 h - 2 scrolls of magic mapping
 j - 7 scrolls of identify
 m - 9 scrolls of remove curse
 w - 2 scrolls of teleportation
 z - 2 scrolls of enchant armour
 C - 3 scrolls of fear
 P - 2 scrolls of blinking
 S - 2 scrolls of vulnerability
 T - a scroll of silence {unknown}
 V - a scroll of fog
 Z - a scroll of recharging
Jewellery
 s - an amulet of stasis (around neck)
 v - a ring of regeneration (right hand)
 y - a +1 ring of protection (left hand)
 F - an uncursed ring of poison resistance
Potions
 e - 2 potions of might
 i - a potion of mutation {unknown}
 k - 2 potions of haste
 n - 2 potions of paralysis {unknown}
 o - 5 potions of curing {unknown}
 p - 3 potions of brilliance {unknown}
 r - 2 potions of heal wounds {unknown}
 t - a potion of berserk rage {unknown}
 x - 3 potions of restore abilities {unknown}
 D - a potion of invisibility
 H - a potion of cure mutation {unknown}
 M - 3 potions of poison {unknown}
 N - a potion of confusion {unknown}
 Q - a potion of resistance {unknown}
 R - a potion of agility {unknown}
Books
 g - a book of Ice

   Spells                             Type                      Level
   Metabolic Englaciation             Hexes/Ice                    5
   Ozocubu's Refrigeration            Ice                          6
   Bolt of Cold                       Conjuration/Ice              6
   Freezing Cloud                     Conjuration/Ice/Air          6
   Simulacrum                         Ice/Necromancy               6


   Skills:
 - Level 16.2 Fighting
 + Level 19.2 Maces & Flails
 - Level 12.5 Armour
   Level 3.6 Shields


You had 13 spell levels left.
You didn't know any spells.

Dungeon Overview and Level Annotations

Branches:
Dungeon (9/15)             Temple (1/1) D:5            Lair (7/8) D:9
  Swamp (0/5) Lair:5       Spider (0/5) Lair:3
    Orc: D:9-12       Slime: Lair:6-8

Altars:
Ashenzari
Cheibriados
Dithmenos
Elyvilon
Fedhas
Gozag
Kikubaaqudgha
Makhleb
Nemelex Xobeh
Qazlal
Sif Muna
Vehumet
Xom
The Shining One

Shops:
D:7 [

Annotations:
Lair:7 Rupert


Innate Abilities, Weirdness & Mutations

You reflexively headbutt those who attack you in melee.
You have a pair of horns on your head.


Message History

Rupert hits you with a runed great mace.
You hit Rupert but do no damage.
Rupert is lightly wounded.
You puncture Rupert! You freeze Rupert.
Rupert is moderately wounded.
Rupert hits you with a runed great mace!!
You puncture Rupert! You freeze Rupert.
Rupert is moderately wounded.
Rupert hits you with a runed great mace!
* * * LOW HITPOINT WARNING * * *
x2 You bludgeon Rupert!!
You freeze Rupert!
Rupert is heavily wounded.
Rupert hits you with a runed great mace.
* * * LOW HITPOINT WARNING * * *
x2 You hit Rupert but do no damage.
You headbutt Rupert!
Rupert is heavily wounded.
You hit Rupert but do no damage.
Rupert is heavily wounded.
Rupert hits you with a runed great mace!!
You die...

#. ####.. ##...
####PP......
#.P.......PP........#
.........PPP........##.
.......................#
.......................#
........................
.......................>P
...............@@........
..%..........#....#......
...........#.###### ...
#.........#.## . ..####
##.........## ....#.#
##......#.# ........
#........## .........
#......PP# #.#.......
#.....PPP# #........


You could see Rupert (berserk).

Vanquished Creatures
  Gastronok (D:8)
  5 hydras
  13 death yaks
  The ghost of Kenran the Grappler, an experienced MiMo (D:7)
  15 elephants
  7 spiny frogs
  Psyche (D:8)
  3 komodo dragons
  A two-headed ogre (D:8)
  A queen bee (Lair:1)
  A polar bear (Lair:6)
  A jumping spider (Lair:3)
  24 blink frogs
  A basilisk (Lair:3)
  A redback (Lair:3)
  26 yaks
  3 spriggans (Lair:1)
  4 ugly things (D:9)
  A human (D:8)
  A wyvern (D:9)
  19 wolves
  A hungry ghost (D:9)
  11 hippogriffs
  Edmund (D:8)
  11 water moccasins
  An ice beast (D:6)
  3 orc warriors
  A sky beast (D:6)
  12 porcupines
  A phantom (D:9)
  A black bear (D:9)
  A spider (Lair:3)
  A necrophage (D:9)
  5 ogres
  4 centaurs
  14 crocodiles
  The ghost of Kenran the Insei, an average GrMo (D:3)
  Duvessa (D:8)
  10 giant frogs
  Blork the orc (D:6)
  A big kobold (D:9)
  4 scorpions
  27 killer bees
  A goliath beetle (D:6)
  Dowan (D:8)
  2 crimson imps
  An electric eel (Lair:7)
  An elf zombie (D:9)
  3 vampire bats (Lair:5)
  2 centaur zombies
  11 hounds
  4 orc priests
  A jelly (D:7)
  A quasit (D:8)
  10 iguanas
  11 orc wizards
  2 worker ants
  33 sheep
  A sky beast zombie (D:8)
  A mummy (D:8)
  9 gnolls
  28 adders
  31 green rats
  A shadow imp (D:5)
  A worm (D:2)
  An adder zombie (D:9)
  33 orcs
  A ball python (D:3)
  5 giant cockroaches
  17 hobgoblins
  24 jackals
  18 kobolds
  21 bats
  5 giant geckos
  6 giant newts
  A giant newt skeleton (D:4)
  8 goblins
  A kobold skeleton (D:5)
  An orc zombie (D:9)
  9 quokkas
  17 rats
  A rat skeleton (D:4)
  2 fungi
570 creatures vanquished.

Vanquished Creatures (others)
  5 plants
5 creatures vanquished.

Grand Total: 575 creatures vanquished

Notes
Turn   | Place    | Note
--------------------------------------------------------------
     0 | D:1      | Kenran, the Minotaur Fighter, began the quest for the Orb.
     0 | D:1      | Reached XP level 1. HP: 19/19 MP: 1/1
   151 | D:1      | Reached XP level 2. HP: 26/26 MP: 1/1
   288 | D:1      | Reached skill level 4 in Maces & Flails
   350 | D:1      | Reached XP level 3. HP: 31/31 MP: 2/2
   739 | D:2      | Found an ancient bone altar of Kikubaaqudgha.
   751 | D:2      | Reached skill level 5 in Maces & Flails
   872 | D:2      | Reached XP level 4. HP: 39/39 MP: 2/2
  1474 | D:3      | Found a sparkling altar of Nemelex Xobeh.
  1522 | D:3      | Found a radiant altar of Vehumet.
  1532 | D:3      | Found a deep blue altar of Sif Muna.
  1534 | D:3      | Found a shimmering altar of Xom.
  1539 | D:3      | Found a snail-covered altar of Cheibriados.
  1644 | D:3      | Reached skill level 6 in Maces & Flails
  1852 | D:3      | Found a glowing golden altar of the Shining One.
  1920 | D:3      | Reached XP level 5. HP: 42/45 MP: 2/2
  2288 | D:3      | Noticed Kenran's ghost (average GrMo)
  2306 | D:3      | Killed Kenran's ghost
  2306 | D:3      | Reached skill level 7 in Maces & Flails
  2618 | D:4      | Noticed an ogre
  2658 | D:4      | Noticed an ogre
  2666 | D:4      | Killed an ogre
  2666 | D:4      | Reached skill level 8 in Maces & Flails
  2666 | D:4      | Reached XP level 6. HP: 43/51 MP: 3/3
  2704 | D:4      | Found a blossoming altar of Fedhas.
  2842 | D:4      | Noticed an ogre
  2850 | D:4      | Killed an ogre
  3037 | D:4      | Killed an ogre
  3037 | D:4      | Reached skill level 9 in Maces & Flails
  3037 | D:4      | Reached XP level 7. HP: 57/57 MP: 3/3
  3227 | D:5      | Entered Level 5 of the Dungeon
  3322 | D:5      | Found a staircase to the Ecumenical Temple.
  3330 | Temple   | Entered the Ecumenical Temple
  3335 | Temple   | Became a worshipper of Makhleb the Destroyer
  3562 | D:5      | Reached skill level 10 in Maces & Flails
  4097 | D:6      | Found a shadowy altar of Dithmenos.
  4107 | D:6      | Found a shattered altar of Ashenzari.
  4119 | D:6      | Noticed Blork the orc
  4127 | D:6      | Killed Blork the orc
  4132 | D:6      | Reached skill level 11 in Maces & Flails
  4203 | D:6      | Acquired Makhleb's first power
  4203 | D:6      | Reached XP level 8. HP: 64/64 MP: 3/3
  4604 | D:6      | Reached skill level 12 in Maces & Flails
  4766 | D:7      | Noticed Kenran's ghost (experienced MiMo)
  4780 | D:7      | Killed Kenran's ghost
  4780 | D:7      | Reached skill level 13 in Maces & Flails
  4863 | D:7      | Found Kyiv's Antique Armour Boutique.
  4869 | D:7      | Bought a pair of embroidered boots for 126 gold pieces
  5074 | D:7      | Acquired Makhleb's second power
  5285 | D:7      | Reached XP level 9. HP: 70/70 MP: 4/4
  5415 | D:8      | Reached skill level 14 in Maces & Flails
  5426 | D:8      | Noticed Psyche
  5437 | D:8      | Killed Psyche
  5619 | D:8      | Noticed Edmund
  5631 | D:8      | Killed Edmund
  5654 | D:8      | Reached skill level 15 in Maces & Flails
  5723 | D:8      | Acquired Makhleb's third power
  5742 | D:8      | Noticed Gastronok
  5760 | D:8      | Killed Gastronok
  5760 | D:8      | Reached XP level 10. HP: 77/88 MP: 4/4
  5789 | D:8      | Noticed Duvessa
  5789 | D:8      | Noticed Dowan
  5796 | D:8      | Killed Duvessa
  5801 | D:8      | Killed Dowan
  6244 | D:8      | Acquired Makhleb's fourth power
  6622 | D:9      | Found a burning altar of Makhleb.
  6631 | D:9      | Reached skill level 10 in Fighting
  6637 | D:9      | Noticed a balrug
  6963 | D:9      | Found a staircase to the Lair.
  7113 | D:9      | Acquired Makhleb's fifth power
  7493 | Lair:1   | Entered Level 1 of the Lair of Beasts
  7555 | Lair:1   | Reached XP level 11. HP: 102/102 MP: 4/4
  8216 | Lair:1   | Identified a scroll of acquirement
  9016 | Lair:2   | Reached skill level 15 in Fighting
  9293 | Lair:2   | Reached skill level 16 in Fighting
  9418 | Lair:2   | Noticed an eight-headed hydra
  9433 | Lair:2   | Killed an eight-headed hydra
  9723 | Lair:3   | Reached skill level 5 in Armour
  9723 | Lair:3   | Reached XP level 12. HP: 109/119 MP: 5/5
 10364 | Lair:3   | Found a hole to the Spider Nest.
 10890 | Lair:4   | Reached skill level 10 in Armour
 11842 | Lair:5   | Reached XP level 13. HP: 84/126 MP: 5/5
 12088 | Lair:5   | Found a staircase to the Swamp.
 12795 | Lair:6   | Found a blossoming altar of Fedhas.
 13160 | Lair:6   | Reached skill level 17 in Maces & Flails
 13789 | Lair:7   | Reached skill level 18 in Maces & Flails
 14188 | Lair:7   | Reached skill level 19 in Maces & Flails
 14371 | Lair:7   | Reached XP level 14. HP: 131/134 MP: 5/5
 14401 | Lair:7   | Noticed Rupert
 14419 | Lair:7   | Slain by Rupert

Action                   |  1- 3 |  4- 6 |  7- 9 | 10-12 | 13-15 || total
-------------------------+-------+-------+-------+-------+-------++-------
Melee: Flail             |    78 |    68 |    23 |   418 |       ||   587
       Mace              |       |    75 |   210 |       |       ||   285
       Dire flail        |       |       |       |   443 |   425 ||   868
Evoke: Wand              |       |       |     1 |       |       ||     1
  Use: Scroll            |     4 |     4 |     4 |    10 |       ||    22
       Potion            |       |       |     2 |       |       ||     2
